 Dungeon Crawl Stone Soup version 0.29.1-15-g9cfb28693d (webtiles) character file.

Game seed: 3245927136706806488

945 Mune the Thaumaturge (level 7, -2/36 HPs)
             Began as a Deep Elf Venom Mage on Mar 12, 2023.
             Slain by an ice beast (12 damage)
             ... on level 5 of the Dungeon on Mar 13, 2023.
             The game lasted 00:20:31 (8668 turns).

Mune the Thaumaturge (Deep Elf Venom Mage)          Turns: 8668, Time: 00:20:31

Health: -2/36      AC:  6    Str:  5    XL:     7   Next: 89%
Magic:  16/21      EV: 14    Int: 22    God:
Gold:   308        SH:  0    Dex: 15    Spells: 13/23 levels left

rFire   . . .      SeeInvis .   n - staff of air
rCold   . . .      Faith    .   (no shield)
rNeg    . . .      Spirit   .   a - +0 robe
rPois   .          Reflect  .   (no helmet)
rElec   +          Harm     .   k - scarf {repulsion}
rCorr   .          Rampage  .   (no gloves)
Will    +....                   (no boots)
Stlth   ++........              (no amulet)
HPRegen 0.12/turn               h - ring of willpower
MPRegen 0.17/turn               l - +4 ring of protection

@: repel missiles
A: no striking features
a: no special abilities


You were on level 5 of the Dungeon.
You visited 1 branch of the dungeon, and saw 5 of its levels.
You also visited: Sewer.

You collected 308 gold pieces.

Inventory:

Hand Weapons
 d - a +3 dagger of speed
Armour
 a - a +0 robe (worn)
 k - a scarf of repulsion (worn)
Magical Staves
 n - a staff of air (weapon)
Jewellery
 h - a ring of willpower (left hand)
 l - a +4 ring of protection (right hand)
 o - a +4 ring of protection
 s - a ring of fire
Wands
 t - a wand of iceblast (4)
 x - a wand of polymorph (12)
 y - a wand of flame (13)
Scrolls
 c - 3 scrolls of vulnerability
 i - 3 scrolls of teleportation
 p - a scroll of noise {unknown}
 r - a scroll of fog {unknown}
Potions
 b - a potion of magic
 e - 4 potions of brilliance
 f - a potion of curing
 g - a potion of mutation {unknown}
 j - 2 potions of degeneration {unknown}
 m - 2 potions of heal wounds {unknown}
 q - 6 potions of flight
 v - a potion of attraction {unknown}
 w - a potion of berserk rage {unknown}


   Skills:
 + Level 5.9 Dodging
 - Level 2.8 Stealth
 * Level 8.7 Spellcasting
 - Level 1.5 Transmutations
 + Level 5.8 Poison Magic


You had 13 spell levels left.
You knew the following spells:

 Your Spells              Type           Power      Damage    Failure   Level
a - Sting                 Tmut/Pois      100%       1d8       1%          1
b - Poisonous Vapours     Pois/Air       66%        N/A       3%          2
c - Mephitic Cloud        Conj/Pois/Air  27%        N/A       10%         3
d - Olgreb's Toxic Radia  Pois           35%        N/A       6%          4

Your spell library contained the following spells:

 Spells                   Type           Power      Damage    Failure   Level
 Call Canine Familiar     Summ           9%         N/A       21%         3
 Portal Projectile        Hex/Tloc       18%        N/A       21%         3
 Leda's Liquefaction      Hex/Erth       4%         N/A       56%         4


Dungeon Overview and Level Annotations

Branches:
Dungeon (5/15)              Sewer (visited)
 Temple: D:4-7

Altars:
Qazlal
Yredelemnul

Shops:
D:1 :   D:4 [

Annotations:
D:4 3 runed translucent doors, GigaChad's ghost, amateur MiGl; leafyfresh's ghost, weakling OpDe


Message History

Confirm with . or Enter, or press ? or * to list all spells.
Aiming: Sting (safe; 1% risk of failure)
Press: ? - help, Shift-Dir - straight line, f/p - ice beast
Aim: an ice beast (lightly wounded, 78% to hit)
The sting misses the ice beast.
Casting: Sting (safe; 1% risk of failure)
Confirm with . or Enter, or press ? or * to list all spells.
You can't see any susceptible monsters within range! (Use Z to cast anyway.) Unknown command.
The sting hits the ice beast but does no damage.
The ice beast is poisoned.
The ice beast is lightly wounded.
The ice beast hits you but does no damage.
The sting hits the ice beast.
The ice beast looks even sicker.
The ice beast is lightly wounded.
The ice beast closely misses you.
The sting hits the ice beast but does no damage.
The ice beast looks even sicker.
The ice beast is moderately wounded.
The ice beast hits you. The ice beast freezes you!
The sting misses the ice beast.
The ice beast barely misses you.
The sting hits the ice beast.
The ice beast partially resists.
The ice beast is heavily wounded.
The ice beast hits you. The ice beast freezes you!
You are too injured to fight recklessly!
You feel better. The ice beast closely misses you.
You hit the ice beast but do no damage.
The ice beast is heavily wounded.
The ice beast hits you but does no damage.
You hit the ice beast but do no damage.
The ice beast is heavily wounded.
The ice beast barely misses you. The ice beast hits you.
The ice beast freezes you!
* * * LOW HITPOINT WARNING * * *
You feel better. The ice beast hits you. The ice beast freezes you!
* * * LOW HITPOINT WARNING * * *
You feel better. The ice beast hits you.
* * * LOW HITPOINT WARNING * * *
The ice beast freezes you!
You die...

###################
#....#............#
#....'....@Y......#
########..##..######.....
#........###### ...
#.....#....# #
#.....#....+ #.....#....#
#.....#...##
#####..+####..
≈≈≈≈≈≈.≈≈≈≈≈≈≈


You could see an ice beast (very poisoned).

Vanquished Creatures
  Sigmund (D:4)
  2 scorpions
  2 hounds (D:5)
  3 orc priests
  A jelly (D:4)
  Natasha (D:2)
  Terence (D:2)
  3 orc wizards
  A merfolk siren (Sewer)
  A merfolk avatar (Sewer)
  Robin (D:3)
  4 gnolls (D:4)
  9 adders
  2 river rats (Sewer)
  A white imp (D:5)
  2 ufetubi
  3 dart slugs
  8 orcs
  9 bats
  7 endoplasms
  6 giant cockroaches
  20 goblins
  7 hobgoblins
  5 jackals
  4 kobolds
  4 quokkas
  10 ball pythons
  6 frilled lizards
  24 rats
148 creatures vanquished.

Vanquished Creatures (collateral kills)
  Natasha (D:2)
1 creature vanquished.

Grand Total: 149 creatures vanquished

Notes
Turn   | Place    | Note
-------+----------+-------------------------------------------
     0 | D:1      | Mune the Deep Elf Venom Mage began the quest for the Orb.
     0 | D:1      | Reached XP level 1. HP: 10/10 MP: 6/6
    97 | D:1      | Found Xaunkuibo's Book Shop.
   517 | D:1      | Reached XP level 2. HP: 14/15 MP: 6/8
   703 | D:1      | Learned a level 2 spell: Poisonous Vapours
  1160 | D:1      | Found a faded altar of an unknown god.
  1598 | D:1      | Reached XP level 3. HP: 19/19 MP: 7/10
  1809 | D:2      | Noticed Natasha
  2186 | D:2      | Noticed Terence
  2199 | D:2      | Killed Terence
  2200 | D:2      | Reached skill level 4 in Spellcasting
  2582 | D:2      | Reached XP level 4. HP: 10/24 MP: 3/12
  2603 | D:2      | Killed Natasha
  2854 | D:2      | Noticed Natasha
  2859 | D:2      | Killed Natasha
  2860 | D:2      | Reached skill level 5 in Spellcasting
  3154 | D:2      | Reached XP level 5. HP: 22/28 MP: 7/14
  3377 | D:2      | Learned a level 3 spell: Mephitic Cloud
  3713 | D:3      | Noticed Robin
  4112 | D:3      | Killed Robin
  4898 | D:3      | Learned a level 4 spell: Olgreb's Toxic Radiance
  5174 | D:3      | Reached skill level 6 in Spellcasting
  5174 | D:3      | Reached XP level 6. HP: 27/32 MP: 11/17
  6107 | D:4      | Noticed Sigmund
  6166 | D:4      | Killed Sigmund
  6167 | D:4      | Reached skill level 7 in Spellcasting
  6167 | D:4      | Reached skill level 5 in Poison Magic
  6167 | D:4      | Reached XP level 7. HP: 31/36 MP: 12/19
  6296 | D:4      | Reached skill level 5 in Dodging
  6859 | D:4      | Found a runed translucent gate.
  6859 | D:4      | Found a runed translucent gate.
  6874 | D:4      | Found a runed translucent gate.
  6876 | D:4      | Found Utola's Armour Shop.
  6884 | D:4      | Noticed GigaChad's ghost (amateur MiGl)
  6884 | D:4      | Noticed leafyfresh's ghost (weakling OpDe)
  7261 | D:5      | Entered Level 5 of the Dungeon
  7321 | D:5      | Reached skill level 8 in Spellcasting
  7436 | D:5      | Found a glowing drain.
  7443 | Sewer    | Entered a sewer
  8621 | D:5      | Found a stormy altar of Qazlal.
  8621 | D:5      | Found a basalt altar of Yredelemnul.
  8668 | D:5      | Slain by an ice beast

Illustrated notes

Levels and vault maps discovered:
D:1:      nzn_arrival_crosshair, layout_loops_corners, serial_shops,
          nicolae_shop_statue_plus, chequers_ecumenical_altar_simple_redux
D:2:      layout_basic, minmay_misc_feat_hallway, uniq_natasha, uniq_terence
D:3:      layout_basic, uniq_robin
D:4:      minmay_recursive_quarters, layout_cave_pools,
          gammafunk_ghost_cemetery, serial_shops, nicolae_shop_statue_plus,
          uniq_sigmund
D:5:      layout_gridville, nicolae_overflow_two_pavilions, serial_shops,
          kennysheep_mini_moat, gup_sewer_entry_bubbles

Skill      XL: |  1  2  3  4  5  6  7 |
---------------+----------------------+-----
Dodging        | 3 4 5 |  5.9
Spellcasting   | 4 5 6 7 8 |  8.7
Poison Magic   | 4 5 |  5.8
Stealth        | |  2.8
Transmutations | |  1.5

Action                   |  1- 3 |  4- 6 |  7- 9 || total
-------------------------+-------+-------+-------++-------
Melee: Unarmed           |     2 |       |       ||     2
       Dagger            |    10 |    20 |       ||    30
       Punch             |       |     1 |       ||     1
       Staff             |       |     4 |     6 ||    10
 Cast: Sting             |    58 |    47 |    73 ||   178
       Poisonous Vapours |    25 |    64 |    56 ||   145
       Olgreb's Toxic Ra |       |     3 |     5 ||     8
       Mephitic Cloud    |       |       |     2 ||     2
  Use: Scroll            |       |     4 |     2 ||     6
       Potion            |       |       |     3 ||     3
 Stab: Sleeping          |     1 |       |       ||     1
Armor: Robe              |     5 |    20 |    18 ||    43
Dodge: Dodged            |    18 |    47 |    36 ||   101
       Repelled          |       |       |     1 ||     1
